 Dungeon Crawl Stone Soup version 0.20.0-15-g7f486f2 (webtiles) character file.

28 Chiseanne the Magician (level 3, 24/24 HPs)
             Began as a Demonspawn Wizard on June 25, 2017.
             Quit the game on level 1 of the Dungeon.
             The game lasted 00:01:40 (1521 turns).

Chiseanne the Magician (Demonspawn Wizard)          Turns: 1521, Time: 00:01:40

Health: 24/24      AC:  2    Str:  7    XL:     3   Next: 0%
Magic:  7/7        EV: 12    Int: 20    God:
Gold:   57         SH:  0    Dex: 13    Spells: 5/8 levels left

rFire    . . .     SeeInvis .   f - -1 hand axe (curse)
rCold    . . .     Gourm    .   (no shield)
rNeg     . . .     Faith    .   a - +0 robe
rPois    .         Spirit   .   b - +0 hat
rElec    .         Reflect  .   (no cloak)
rCorr    .         Harm     .   (no gloves)
MR       .....                  (no boots)
Stlth    ++........             (no amulet)
Regen    0.1/turn               (no ring)
MPRegen  0.1/turn               (no ring)

@: no status effects
A: talons 1, thin skeletal structure 1
a: no special abilities


You were on level 1 of the Dungeon.
You were not hungry.

You visited 1 branch of the dungeon, and saw 1 of its levels.

You collected 57 gold pieces.

Inventory:

Hand Weapons
 f - a cursed -1 hand axe (weapon)
Missiles
 e - 13 arrows
Armour
 a - a +0 robe (worn)
 b - a +0 hat (worn)
Jewellery
 h - an uncursed amulet of guardian spirit {unknown}
Scrolls
 g - a scroll of remove curse {unknown}
 j - a scroll of teleportation {unknown}
Potions
 i - a potion of flight {unknown}
Books
 c - a book of Minor Magic

   Spells                             Type                      Level
   a - Magic Dart                     Conjuration                  1
   b - Blink                          Translocation                2
   c - Call Imp                       Summoning                    2
   d - Slow                           Hexes                        2
   e - Conjure Flame                  Conjuration/Fire             3
   f - Mephitic Cloud                 Conjuration/Poison/Air       3
Comestibles
 d - 2 bread rations
 k - 2 chunks of flesh


   Skills:
 - Level 1.7 Dodging
 - Level 1.7 Stealth
 * Level 3.4 Spellcasting
 * Level 2.2 Conjurations
   Level 1.0 Summonings
 - Level 0.8 Translocations


You had 5 spell levels left.
You knew the following spells:

 Your Spells              Type           Power        Failure   Level  Hunger
a - Magic Dart            Conj           ##..         5%          1    None
b - Blink                 Tloc           N/A          14%         2    ##.....


Dungeon Overview and Level Annotations

Branches:
Dungeon (1/15)

Altars:


Innate Abilities, Weirdness & Mutations

You have sharp toenails.
You have a somewhat thin skeletal structure. (Dex +2, Stealth)


Message History

Casting: Magic Dart
Confirm with . or Enter, or press ? or * to list all spells.
Aiming: Magic Dart
Press: ? - help, Shift-Dir - straight line, f/p - hobgoblin
Aim: a hobgoblin, wielding a club (severely wounded)
The magic dart hits the hobgoblin.
The hobgoblin is severely wounded.
Casting: Magic Dart
Confirm with . or Enter, or press ? or * to list all spells.
Aiming: Magic Dart
Press: ? - help, Shift-Dir - straight line, f/p - hobgoblin
Aim: a hobgoblin, wielding a club (severely wounded)
The magic dart hits the hobgoblin.
You kill the hobgoblin!
You have reached level 3!
Your experience leads to an increase in your attributes!
Increase (S)trength, (I)ntelligence, or (D)exterity?
You feel clever.
Your demonic ancestry asserts itself...
Your toenails lengthen and sharpen.
Are you sure you want to abandon this character and quit the game? (Confirm with "yes".)

...## #.# #.#..... .†## #.#
#.###... ..# #.# #.# #### #.# #>#
####.# #'## #.# #....###### ...##
#.# ###.##.......
....#################.........###
....#≈≈≈≈≈≈≈≈..##..............#.
.)..#≈≈≈≈≈≈.≈...@.....##....##...
....#≈≈≈≈≈.....≈≈≈≈≈...#..#......
....#≈≈≈≈...≈≈≈≈≈..≈≈.....#.##...
....#≈.....≈≈.≈≈≈≈..≈)...##......
....#≈≈.<..≈≈≈≈≈≈≈≈≈............#
....#≈......≈≈.≈≈≈..≈...........#
#...#≈≈.≈....≈≈.≈.≈≈....##......#
#...#≈≈≈≈≈....≈.≈≈≈.....##...#.##
..†.#≈≈≈≈≈≈≈≈...≈≈≈..............


There were no monsters in sight!

Vanquished Creatures
  3 dart slugs (D:1)
  A leopard gecko (D:1)
  A giant cockroach (D:1)
  3 goblins (D:1)
  2 hobgoblins (D:1)
  3 jackals (D:1)
  A ball python (D:1)
  3 bats (D:1)
  2 frilled lizards (D:1)
  A kobold (D:1)
  A rat (D:1)
21 creatures vanquished.

Notes
Turn   | Place    | Note
-------+----------+-------------------------------------------
     0 | D:1      | Chiseanne the Demonspawn Wizard began the quest for the Orb.
     0 | D:1      | Reached XP level 1. HP: 13/13 MP: 4/4
   541 | D:1      | Gained mutation: You have a somewhat thin skeletal structure. (Dex +2, Stealth) [demonic ancestry]
   541 | D:1      | Reached XP level 2. HP: 19/19 MP: 0/6
  1097 | D:1      | Learned a level 2 spell: Blink
  1479 | D:1      | Gained mutation: You have sharp toenails. [demonic ancestry]
  1479 | D:1      | Reached XP level 3. HP: 24/24 MP: 3/7
  1521 | D:1      | Quit the game

Skill      XL: |  1  2 |
---------------+-------+-----
Conjurations   | 2 |  2.2
Dodging        | |  1.7
Stealth        | |  1.7
Spellcasting   | |  3.4
Summonings     | |  1.0
Translocations | |  0.8

Action                   || total
-------------------------++-------
Melee: Hand axe          ||     8
 Cast: Magic Dart        ||    50
  Eat: Chunk             ||     2
Armor: Robe              ||     1
Dodge: Dodged            ||    12
